 Dungeon Crawl Stone Soup version 0.19-a0-821-gf489216 (webtiles) character file.

58153 4thArraOfDagon the Severer (level 14, 2/118 HPs)
             Began as a Demigod Fighter on June 29, 2016.
             Quit the game on level 2 of the Elven Halls.
             The game lasted 01:06:34 (12157 turns).

4thArraOfDagon the Severer (Demigod Fighter)       Turns: 12157, Time: 01:06:35

Health: 2/118      AC: 18    Str: 22    XL:     14   Next: 14%
Magic:  21/21      EV: 14    Int: 10    God:
Gold:   1762       SH:  0    Dex: 21    Spells: 1 memorised, 8 levels left

rFire  + . .     SeeInvis +     O - +3 battleaxe of Defence by Offence {speed, *Rage Fragile MR++ SInv}
rCold  + + .     Gourm    .     Z - +0 troll leather armour
rNeg   . . .     Faith    .     (shield currently unavailable)
rPois  .         Spirit   .     I - +2 helmet
rElec  .         Dismiss  .     i - +1 cloak
rCorr  .         Reflect  .     x - +2 pair of gloves
SustAt +         Harm     .     P - +0 pair of boots
MR     +++..     Clarity  +     p - amulet of rage
Stlth  ++........               J - ring "Luzxiemy" {rC++ Str+3 SInv}
                                y - +2 ring of protection

@: lethally poisoned (2 -> -21), exhausted, very slightly contaminated, hasted
and slowed, extremely resistant to hostile enchantments, unstealthy
A: clarity, dopey 2, fire resistance 1, high mp 1, mutation resistance 1,
sustain attributes, sturdy frame 1
a: Evoke Berserk Rage


You were on level 2 of the Elven Halls.
You were hungry.

You visited 4 branches of the dungeon, and saw 25 of its levels.
You also visited: Labyrinth, Sewer, Ossuary, Ice Cave and Volcano.

You collected 2882 gold pieces.
You spent 1120 gold pieces at shops.

Inventory:

Hand Weapons
 d - a +2 battleaxe of flaming
 e - the +5 morningstar of Gozag's Righteous Fury {crush, rC+ Int+4, unknown}
   (You found it on level 5 of the Lair of Beasts)

   It inflicts extra damage upon your enemies.
   It affects your intelligence (+4).
   It protects you from cold.
 O - the +3 battleaxe of Defence by Offence (weapon) {speed, *Rage Fragile MR++ SInv}
   (You bought it in a shop on level 6 of the Dungeon)

   Attacks with this weapon are significantly faster.
   It affects your resistance to hostile enchantments.
   It lets you see invisible.
   It may make you go berserk in combat.
   It will be destroyed if unequipped.
Missiles
 T - 2 throwing nets (quivered)
Armour
 i - a +1 cloak (worn)
 x - a +2 pair of gloves (worn)
 I - a +2 helmet (worn)
 P - a +0 pair of boots (worn)
 Y - a +1 shield of protection
 Z - a +0 troll leather armour (worn)
Magical Staves
 M - an uncursed staff of death {unknown}
Jewellery
 p - an amulet of rage (around neck)
 w - an uncursed ring of protection from fire
 y - a +2 ring of protection (left hand)
 D - an uncursed ring of wizardry
 F - an uncursed ring of protection from magic
 H - an uncursed ring of resist corrosion
 J - the ring "Luzxiemy" (right hand) {rC++ Str+3 SInv}
   (You found it on level 7 of the Dungeon)

   [ring of see invisible]

   It affects your strength (+3).
   It greatly protects you from cold.
   It lets you see invisible.
Wands
 b - a wand of enslavement (24/24)
 z - a wand of confusion (25/48)
 S - a wand of flame (16/48)
 U - a wand of digging (10/24)
 V - a wand of iceblast (3/15)
 W - a wand of iceblast (0/15)
Scrolls
 g - 3 scrolls of enchant weapon
 o - a scroll of fear
 t - a scroll of fog
 u - 3 scrolls of recharging
 A - 7 scrolls of enchant armour
 B - a scroll of random uselessness
 E - a scroll of vulnerability
 K - 5 scrolls of remove curse
 R - 2 scrolls of noise
Potions
 a - a potion of flight
 c - a potion of berserk rage {unknown}
 j - 2 potions of haste
 k - 2 potions of degeneration
 l - 3 potions of brilliance
 n - a potion of ambrosia
 r - 2 potions of magic
 v - 2 potions of lignification {unknown}
 Q - a potion of cure mutation
Books
 q - a book of Clouds

   Spells                             Type                      Level
   a - Mephitic Cloud                 Conjuration/Poison/Air       3
   b - Conjure Flame                  Conjuration/Fire             3
   c - Poisonous Cloud                Conjuration/Poison/Air       6
   d - Freezing Cloud                 Conjuration/Ice/Air          6
   e - Ring of Flames                 Charms/Fire                  7
 C - a book of the Earth

   Spells                             Type                      Level
   a - Leda's Liquefaction            Hexes/Earth                  4
   b - Bolt of Magma                  Conjuration/Fire/Earth       5
   c - Statue Form                    Transmutation/Earth          6
   d - Iron Shot                      Conjuration/Earth            6
   e - Shatter                        Earth                        9
 G - a book of Power

   Spells                             Type                      Level
   a - Fulminant Prism                Conjuration/Hexes            4
   b - Iskenderun's Mystic Blast      Conjuration                  4
   c - Venom Bolt                     Conjuration/Poison           5
   d - Bolt of Magma                  Conjuration/Fire/Earth       5
   e - Iron Shot                      Conjuration/Earth            6
   f - Orb of Destruction             Conjuration                  7
   g - Spellforged Servitor           Conjuration/Summoning        7
 L - a Necronomicon

   Spells                             Type                      Level
   a - Haunt                          Necromancy/Summoning         7
   b - Borgnjor's Revivification      Necromancy                   8
   c - Death's Door                   Charms/Necromancy            8
   d - Infestation                    Necromancy                   8
   e - Necromutation                  Transmutation/Necromancy     8
 N - a book of Enchantments

   Spells                             Type                      Level
   a - Cause Fear                     Hexes                        4
   b - Yara's Violent Unravelling     Hexes/Transmutation          5
   c - Silence                        Hexes/Air                    5
   d - Deflect Missiles               Charms/Air                   6
   e - Haste                          Charms                       6
   f - Discord                        Hexes                        8
Comestibles
 f - 5 bread rations
 X - 3 meat rations


   Skills:
 - Level 9.3 Fighting
 * Level 16.6(17.1) Axes
   Level 6.9(12.9) Polearms
 - Level 9.7 Armour
 + Level 3.4 Dodging
 - Level 2.6 Shields
 + Level 0.8 Spellcasting
 * Level 1.1 Transmutations
 * Level 1.8 Earth Magic
 - Level 5.0 Evocations


You had 8 spell levels left.
You knew the following spells:

 Your Spells              Type           Power        Failure   Level  Hunger
a - Statue Form           Tmut/Erth      #........    100%        6    #######


Dungeon Overview and Level Annotations

Branches:
Dungeon (15/15)            Temple (0/1) D:6            Lair (6/6) D:10
  Swamp (0/4) Lair:3        Slime (0/5) Lair:6          Orc (2/2) D:12
    Elf (1/3) Orc:2
  Snake: Lair:2-4    Spider: Lair:2-4    Vaults: D:13-14     Depths: D:15

Shops:
D:5 :   D:6 (?   D:11 *   Orc:2 :(*[(

Annotations:
D:12 ORCS
D:14 exclusion: upstairs, Maud
Lair:6 Waterpls's ghost, journeyman VSMo


Innate Abilities, Weirdness & Mutations

You have an increased reservoir of magic. (+10% MP)
Your attributes are resistant to harm.
You possess an exceptional clarity of mind.
You are very dopey. (Int -4)
Your flesh is heat resistant. (rF+)
You are somewhat resistant to further mutation.
Your movements are slightly less encumbered by armour. (ER -2)


Message History

As you read the scroll labeled VEUDDOZXOA, it crumbles to dust.
The scroll dissolves into smoke.
It was a scroll of fog.
You feel sick.
The trident of venom hits you from afar!
* * * LOW HITPOINT WARNING * * *
You are lethally poisoned!
The halberd of flaming hits you!
* * * LOW HITPOINT WARNING * * *
The halberd of flaming burns you.
* * * LOW HITPOINT WARNING * * *
The trident of venom hits you but does no damage.
You are more poisoned.
The halberd of flaming misses you.
Unknown command.
Unknown command.
Unknown command.
Enter note: bye Unknown command.
Okay, then.
Unknown command.
Are you sure you want to abandon this character and quit the game? (Confirm with "yes".)

.....
#.........##
.....
...........##
.....
............#
.....
...........#
.....
..........#
##... #(..##
##.(§##
##(..# #@§§.#
#§§§..#
.§..§.##
........#
........###
#########


You could see 2 dancing weapons.

Vanquished Creatures
  A stone giant (Orc:2)
  Nessos (Orc:2)
  5 ettins
  A minotaur (Lab)
  2 ice dragons (IceCv)
  A catoblepas (Lair:6)
  4 centaur warriors
  Harold (Volcano)
  The ghost of 4thArraOfDagon the Cleaver, a novice DgFi (IceCv)
  A tengu warrior (D:15)
  2 unseen horrors (Lab)
  2 hill giants
  An orc sorcerer (Orc:2)
  10 cyclopes
  2 orc knights (Orc:1)
  A manticore (D:14)
  A griffon (Lair:6)
  A wolf spider (Lair:6)
  7 deep elf magi
  2 hornets (Lair:6)
  An ugly thing (D:9)
  4 elephants
  A guardian serpent (Lair:6)
  2 ice statues (IceCv)
  5 black mambas
  5 spiny frogs (Lair:6)
  2 rime drakes (IceCv)
  2 gargoyles
  A komodo dragon (Lair:2)
  2 redback zombies (D:15)
  A minotaur zombie (Lab)
  7 trolls
  5 blink frogs (Lair:3)
  2 polar bears
  2 two-headed ogres
  2 slime creatures (Lair:6)
  Sigmund (D:4)
  3 shadows (D:12)
  Eustachio (D:5)
  A wyvern (Lair:6)
  30 yaks
  6 hippogriffs
  2 basilisks
  2 hungry ghosts (D:15)
  A steam dragon (D:10)
  A mottled dragon (D:11)
  3 vampire mosquitoes (D:12)
  A soldier ant (D:13)
  A warg (Orc:1)
  11 water moccasins
  5 porcupines
  16 ice beasts
  2 eyes of draining
  23 orc warriors
  A black bear (D:12)
  A phantom (D:12)
  3 sky beasts
  11 ogres
  3 wasps (Lair:6)
  6 wolves (Lair:6)
  11 centaurs
  6 crocodiles
  A big kobold (D:10)
  14 giant frogs
  2 earth elementals (D:11)
  A wyvern zombie (D:12)
  4 scorpions
  14 killer bees
  5 wights (D:9)
  7 crimson imps
  3 centaur zombies
  17 orc priests
  2 giant frog skeletons
  2 jellies (Lair:6)
  3 centaur skeletons
  A gnoll shaman (D:6)
  7 hounds
  10 orc wizards
  3 iguanas
  9 worker ants
  2 killer bee zombies (D:7)
  9 sheep
  A big kobold zombie (Ossuary)
  8 mummies (Ossuary)
  Robin (D:4)
  7 gnolls
  12 river rats
  20 adders
  A howler monkey skeleton (D:6)
  5 shadow imps
  3 adder skeletons
  A worm (D:5)
  3 giant geckos
  94 orcs
  A bat skeleton (D:4)
  A bat zombie (D:4)
  A gnoll zombie (Ossuary)
  2 hobgoblins (D:4)
  13 jackals
  3 quokkas
  12 ball pythons (Sewer)
  A ball python skeleton (D:5)
  4 giant newts
  8 goblins (D:4)
  3 hobgoblin zombies (Ossuary)
  A jackal skeleton (D:8)
  2 kobolds (D:10)
  2 kobold zombies (Ossuary)
  An orc zombie (Ossuary)
  2 quokka zombies (D:8)
  23 rats
  10 fungi
  6 plants (Lair:6)
611 creatures vanquished.

Vanquished Creatures (others)
  20 fungi
  10 plants (Lair:6)
30 creatures vanquished.

Grand Total: 641 creatures vanquished

Notes
Turn   | Place    | Note
--------------------------------------------------------------
     0 | D:1      | 4thArraOfDagon the Demigod Fighter began the quest for the Orb.
     0 | D:1      | Reached XP level 1. HP: 18/18 MP: 3/3
   203 | D:4      | Reached XP level 2. HP: 20/25 MP: 4/4
   254 | D:4      | Found a sand-covered staircase.
   257 | D:4      | Noticed a scorpion
   285 | Ossuary  | Entered an ossuary
   372 | Ossuary  | Reached XP level 3. HP: 24/31 MP: 5/5
   404 | Ossuary  | Reached XP level 4. HP: 24/38 MP: 6/6
   573 | D:4      | Reached XP level 5. HP: 26/46 MP: 7/7
   590 | D:4      | Yermak: it's more effective to leave some stuff to be picked up on the way back
   612 | D:4      | Noticed Sigmund
   635 | D:4      | Killed Sigmund
   635 | D:4      | Reached XP level 6. HP: 25/52 MP: 8/8
   865 | D:4      | Yermak: Do you realise you swing with scythe slower than with a scroll now?
   880 | D:4      | Reached skill level 5 in Polearms
   909 | D:4      | Noticed Robin
   990 | D:4      | Killed Robin
  1057 | D:5      | Entered Level 5 of the Dungeon
  1064 | D:5      | Reached XP level 7. HP: 8/60 MP: 9/9
  1236 | D:5      | Noticed Eustachio
  1255 | D:5      | Killed Eustachio
  1255 | D:5      | Reached skill level 1 in Evocations
  1338 | D:5      | Found a glowing drain.
  1342 | Sewer    | Entered a sewer
  1551 | Sewer    | RIP
  1782 | Sewer    | magipi: hey ho
  1883 | Sewer    | magipi: a +0 scythe?
  1963 | D:5      | Found a hazy altar of Hepliaklqana.
  1964 | D:5      | Found a shimmering altar of Xom.
  1972 | D:5      | Reached skill level 5 in Fighting
  1974 | D:5      | Noticed a spectral ugly thing
  1995 | D:5      | Found Vakoquzika's Book Emporium.
  2046 | D:6      | Found Esusoac's Magic Scroll Emporium.
  2052 | D:6      | Reached XP level 8. HP: 68/68 MP: 12/12
  2058 | D:6      | Bought a scroll of magic mapping for 38 gold pieces
  2058 | D:6      | Bought 2 scrolls of enchant armour for 165 gold pieces
  2058 | D:6      | Bought a scroll of teleportation for 33 gold pieces
  2058 | D:6      | Bought a scroll of random uselessness for 11 gold pieces
  2093 | D:6      | Reached skill level 5 in Armour
  2103 | D:6      | Found a staircase to the Ecumenical Temple.
  2399 | D:6      | Found an iron altar of Okawaru.
  2451 | D:6      | Got a pitted spear
  2453 | D:6      | Identified the +7 spear of Sioniz {pain, *Confuse rElec rC+ Dex+4} (You found it on level 6 of the Dungeon)
  2458 | D:6      | :(
  2496 | D:6      | Found Riasatt's Antique Weapon Shoppe.
  2635 | D:7      | Got a translucent lapis lazuli ring
  2636 | D:7      | Identified the ring "Luzxiemy" {rC++ Str+3 SInv} (You found it on level 7 of the Dungeon)
  2657 | D:7      | magipi: cool ring
  2765 | D:7      | magipi: will you go back for the battleaxe?
  2775 | D:7      | Gained mutation: You are dopey. (Int -2) [mutagenic meat]
  2778 | D:7      | Gained mutation: You are agile. (Dex +2) [mutagenic meat]
  2781 | D:7      | Gained mutation: Your movements are slightly less encumbered by armour. (ER -2) [mutagenic meat]
  2784 | D:7      | Gained mutation: You are very dopey. (Int -4) [mutagenic meat]
  2788 | D:7      | Lost mutation: You are agile. (Dex +2) [mutagenic meat]
  2812 | D:7      | Found a radiant altar of Vehumet.
  2947 | D:8      | Gained mutation: You are somewhat resistant to further mutation. [potion of mutation]
  2963 | D:8      | Found a blossoming altar of Fedhas.
  2963 | D:8      | Found a basalt altar of Yredelemnul.
  2963 | D:8      | Found a glowing golden altar of the Shining One.
  2966 | D:8      | Reached skill level 5 in Evocations
  3018 | D:8      | Found a burning altar of Makhleb.
  3020 | D:8      | Found a shadowy altar of Dithmenos.
  3033 | D:8      | Reached XP level 9. HP: 43/75 MP: 16/16
  3065 | D:8      | Found a sparkling altar of Nemelex Xobeh.
  3145 | D:8      | Found an opulent altar of Gozag.
  3225 | D:9      | 4thArraOfDagon: yea
  3292 | D:9      | magipi: let's hope it's not crap
  3311 | D:9      | arkorax: what?
  3500 | D:9      | Noticed a hill giant
  3556 | D:9      | Found a sacrificial altar of Ru.
  3556 | D:9      | Found a white marble altar of Elyvilon.
  3632 | D:9      | Noticed a cyan ugly thing
  3646 | D:9      | Killed a hill giant
  3741 | D:9      | Killed a cyan ugly thing
  3805 | D:8      | magipi: there's an artefact battleaxe in a shop
  3872 | D:10     | Entered Level 10 of the Dungeon
  3882 | D:10     | Reached XP level 10. HP: 88/88 MP: 17/17
  3898 | D:10     | Found a staircase to the Lair.
  3898 | D:10     | Noticed an elephant
  3975 | D:10     | Gained mutation: You possess an exceptional clarity of mind. [mutagenic meat]
  3987 | D:10     | Gained mutation: Your flesh is heat resistant. (rF+) [mutagenic meat]
  4046 | D:10     | arkorax: oh ok
  4070 | D:11     | Found Unomniogg's Pet Rocks.
  4116 | D:11     | CypherZel: Orewa O ChinChin Ga daisuke nandayo
  4148 | D:11     | arkorax: anyone seen the new unique?
  4193 | D:11     | CypherZel: the draconian?
  4371 | D:11     | CypherZel: that spawns hydras?
  4419 | D:10     | arkorax: yea
  4455 | D:11     | CypherZel: nope
  4458 | D:11     | magipi: sounds awful
  4506 | D:11     | CypherZel: i dont want to see it
  4510 | D:11     | arkorax: yep
  4526 | D:10     | CypherZel: it spawns in lair too
  4539 | D:10     | arkorax: !?
  4545 | D:10     | arkorax: LARIR?
  4545 | D:10     | WTFU
  4560 | D:10     | CypherZel: yea
  4568 | D:10     | arkorax: Lair branches you mean?
  4598 | D:10     | arkorax: or real real lair?
  4612 | D:6      | CypherZel: cant remember
  4629 | D:9      | CypherZel: might be the brankches
  4782 | D:6      | CypherZel: still
  4806 | D:6      | Bought a slimy battleaxe for 368 gold pieces
  4806 | D:6      | Identified the +3 battleaxe of Defence by Offence {speed, *Rage Fragile MR++ SInv} (You bought it in a shop on level 6 of the Dungeon)
  4809 | D:6      | arkorax: holy fuck
  4810 | D:6      | magipi: nice
  4839 | D:6      | arkorax: nice axe
  4842 | D:6      | CypherZel: sounds pretty awful
  4920 | D:8      | Reached skill level 1 in Axes
  5014 | D:10     | magipi: are we training axes?
  5072 | D:11     | Reached skill level 2 in Axes
  5100 | D:11     | Reached skill level 3 in Axes
  5145 | D:12     | Reached skill level 4 in Axes
  5161 | D:12     | 4thArraOfDagon: aye
  5193 | D:12     | magipi: thx
  5215 | D:12     | Reached skill level 5 in Axes
  5251 | D:12     | Reached XP level 11. HP: 67/97 MP: 18/18
  5398 | D:13     | Reached skill level 6 in Axes
  5657 | D:12     | fuckin lab
  5710 | D:12     | Got a fine lajatang
  5821 | D:13     | Noticed a deep elf mage
  5821 | D:13     | Noticed an eight-headed hydra
  5918 | D:12     | Reached skill level 7 in Axes
  5964 | D:12     | Identified the +1 lajatang "Dragonslayer" {holy, rElec rN+ Str+8 Int-4} (You found it on level 12 of the Dungeon)
  6016 | D:12     | Found a staircase to the Orcish Mines.
  6211 | D:13     | Reached skill level 8 in Axes
  6321 | D:13     | Noticed a hill giant
  6330 | D:13     | Killed a hill giant
  6330 | D:13     | Reached skill level 9 in Axes
  6595 | D:14     | Noticed Maud
  6607 | D:15     | Entered Level 15 of the Dungeon
  6632 | D:15     | Noticed a four-headed hydra
  6691 | D:15     | Found Ejyowy's Distillery.
  6737 | D:15     | Reached skill level 10 in Axes
  6789 | D:15     | Noticed a centaur warrior
  6800 | D:15     | Killed a centaur warrior
  6847 | D:14     | Noticed a seven-headed hydra
  6848 | D:14     | Noticed a centaur warrior
  6848 | D:14     | FUCK
  7003 | D:15     | Noticed a centaur warrior
  7010 | D:15     | Killed a centaur warrior
  7018 | D:15     | Noticed a centaur warrior
  7032 | D:15     | Killed a centaur warrior
  7032 | D:15     | Reached skill level 11 in Axes
  7032 | D:15     | Reached XP level 12. HP: 45/104 MP: 19/19
  7329 | D:14     | Killed a centaur warrior
  7421 | Orc:1    | Entered Level 1 of the Orcish Mines
  7457 | Orc:1    | at last
  7518 | Orc:1    | Reached skill level 12 in Axes
  7554 | Orc:1    | Noticed an ettin
  7582 | Orc:1    | Killed an ettin
  7622 | Orc:1    | Noticed an ettin
  7656 | Orc:1    | Killed an ettin
  7845 | Orc:1    | Reached skill level 13 in Axes
  7920 | Orc:2    | Entered Level 2 of the Orcish Mines
  7920 | Orc:2    | Found Anarojum's Book Shop.
  7922 | Orc:2    | Noticed an ettin
  7970 | Orc:2    | Found a staircase to the Elven Halls.
  8044 | Orc:2    | Found Uciwus's Antique Armour Emporium.
  8052 | Orc:2    | Bought a brightly glowing chain mail for 323 gold pieces
  8085 | Orc:1    | Identified the +2 chain mail of Resourcefulness {rC- MR+ Int-2 Dex+9} (You bought it in a shop on level 2 of the Orcish Mines)
  8284 | Orc:2    | Found Zatota's Antique Weapon Emporium.
  8288 | Orc:2    | Noticed an ettin
  8315 | Orc:2    | Killed an ettin
  8440 | Orc:2    | Noticed a stone giant
  8477 | Orc:2    | magipi: stone giant?
  8507 | Orc:2    | Bought a glowing battleaxe for 182 gold pieces
  8542 | Orc:2    | Killed a stone giant
  8571 | Orc:2    | magipi: nice
  8721 | Orc:2    | Killed an ettin
  8752 | Orc:2    | Noticed Nessos
  8857 | Orc:2    | Reached skill level 14 in Axes
  8904 | Orc:2    | Found Ceodoq's Weapon Boutique.
  8981 | Orc:2    | arkorax: Natasha claws Natasha. Natasha dies!
  9054 | Orc:2    | Noticed an ettin
  9060 | Orc:2    | Killed Nessos
  9060 | Orc:2    | Reached XP level 13. HP: 70/111 MP: 20/20
  9067 | Orc:2    | Found Gimp's General Store.
  9427 | Lair:1   | Entered Level 1 of the Lair of Beasts
  9431 | Lair:1   | Found a frozen archway.
  9440 | IceCv    | Entered an ice cave
  9578 | IceCv    | Noticed 4thArraOfDagon's ghost (novice DgFi)
  9579 | IceCv    | ugh
  9590 | IceCv    | Reached skill level 15 in Axes
  9597 | IceCv    | Killed 4thArraOfDagon's ghost
 10078 | Lair:2   | Found a dark tunnel.
 10084 | Volcano  | Entered a volcano
 10151 | Volcano  | Noticed Harold
 10166 | Volcano  | Killed Harold
 10293 | Lair:3   | Found a staircase to the Swamp.
 10454 | Lair:6   | Entered Level 6 of the Lair of Beasts
 10574 | Lair:6   | Reached skill level 1 in Dodging
 10582 | Lair:6   | Found a staircase to the Slime Pits.
 10606 | Lair:6   | Reached skill level 16 in Axes
 10609 | Lair:6   | Found a labyrinth entrance.
 10617 | Lab      | Entered a labyrinth
 10826 | Lab      | fuck
 11216 | Lair:6   | Paralysed by a hornet for 1 turns
 11272 | Lair:6   | Learned a level 6 spell: Statue Form
 11485 | Lair:6   | Noticed Waterpls's ghost (journeyman VSMo)
 11564 | Lair:5   | Reached XP level 14. HP: 51/118 MP: 21/21
 11668 | Lair:5   | Got a scorched morningstar
 11748 | Lair:5   | Reached skill level 1 in Earth Magic
 12111 | Elf:1    | Entered Level 1 of the Elven Halls
 12134 | Elf:1    | Reached skill level 1 in Transmutations
 12145 | Elf:1    | You fall through a shaft!
 12146 | Elf:2    | WTF
 12149 | Elf:2    | WTF
 12149 | Elf:2    | 4thArraOfDagon: shaft
 12149 | Elf:2    | 4thArraOfDagon: rip
 12156 | Elf:2    | HP: 3/118 [halberd of flaming (9)]
 12157 | Elf:2    | bye
 12157 | Elf:2    | magipi: sigh
 12157 | Elf:2    | 4thArraOfDagon: at leaast it ws quite bad char
 12157 | Elf:2    | 4thArraOfDagon: %so not a big loss
 12157 | Elf:2    | Quit the game

Vault maps used:
D:1:      dpeg_arrival_three_bigger_balls, st_stairs_4, minivault_11
D:2:      tso_altar
D:3:      first_bread, minmay_randomly_rotated_circles
D:4:      kennysheep_spiral_hall, gammafunk_pakellas_cloud_experiment,
          kennysheep_vampire_church, enter_ossuary_3, corexii_shack, uniq_robin,
          uniq_sigmund
D:5:      regret_index_temple_of_mockery, kennysheep_little_box, serial_shops,
          nicolae_shop_temple_entry_statues_fountains, gup_sewer_entry_bowl,
          grunt_decor_arrowhead, uniq_eustachio
D:6:      okawaru_ov_weapons_minmay, serial_shops, shop, st_stairs_12,
          kennysheep_windowed_goal
D:7:      kennysheep_mini
D:8:      lemuel_round_altar, gammafunk_temple_overflow_claw, grunt_ogre_cave,
          hangedman_feature_mirror, nicolae_dithmenos_the_darkroom
D:9:      gammafunk_temple_overflow_wave, minivault_26
D:10:     david_lair_generic
D:11:     guppyfry_shop_earth
D:12:     hiddenorc2_lemuel
D:13:     david_vaults_5
D:14:     minmay_misc_feat_rows, lemuel_nasty_fountain, uniq_maud
D:15:     grunt_enter_depths_magical_seal, lemuel_round_altar, serial_shops,
          shop
Lair:1:   portal_ice_cave_entry_pillars_2
Lair:2:   nicolae_volcano_entry_hallway, beast_lair_carwin_10
Lair:3:   swamp_mist, beast_lair_carwin_3
Lair:4:   minmay_snake_entry_guardpost_medium, grunt_megastairs_5,
          lemuel_fruit_fields
Lair:5:   basic_altar, grunt_megastairs_2
Lair:6:   hangedman_lair_tendril_chambers, minmay_slime_entry_pillars,
          lab_entry_generic, st_stairs_11
Orc:2:    grunt_orc_gardens, grunt_orc_garden, grunt_orc_garden,
          grunt_orc_garden, grunt_orc_garden, serial_shops,
          nicolae_shop_crystal, uniq_nessos
Elf:1:    eino_elf_arrival_the_gate, minmay_elf_crystal_hexagon
Elf:2:    abandoned_shop, uniq_asterion
Lab:      labyrinth_hidden_loot, nicolae_lab_very_dead_end, nicolae_lab_t_cross,
          nicolae_lab_dead_end, nicolae_lab_plus
Sewer:    sewer_minmay_w
Ossuary:  ossuary_tomb_3
IceCv:    ice_cave_small_dragons
Volcano:  volcano_caves

Skill      XL: |  1  2  3  4  5  6  7  8  9 10 11 12 13 14 |
---------------+-------------------------------------------+-----
Polearms       | 2 3 4 5 6 |  6.9
Fighting       | 3 4 5 6 8 9 |  9.3
Armour         | 3 4 5 8 9 |  9.7
Evocations     | 2 5 |  5.0
Axes           | 5 11 14 16 | 16.6
Dodging        | 3 |  3.4
Earth Magic    | 1 |  1.8
Transmutations | 1 |  1.1
Shields        | |  2.6
Spellcasting   | |  0.8

Action                   |  1- 3 |  4- 6 |  7- 9 | 10-12 | 13-15 || total
-------------------------+-------+-------+-------+-------+-------++-------
Melee: Trident           |    95 |    37 |    48 |       |       ||   180
       Scythe            |       |    64 |   208 |       |       ||   272
       Spear             |       |       |   293 |   130 |       ||   423
       Halberd           |       |       |     3 |       |       ||     3
       Battleaxe         |       |       |       |   577 |   483 ||  1060
Throw: Throwing net      |       |       |       |     2 |     1 ||     3
 Abil: Evoke Berserk Rag |       |       |    17 |    29 |    16 ||    62
Evoke: Wand              |       |       |       |     8 |     2 ||    10
  Use: Scroll            |     1 |     3 |     4 |    15 |    11 ||    34
       Potion            |     1 |     7 |     8 |     6 |    12 ||    34
 Stab: Distracted        |       |       |     1 |       |     1 ||     2
       Invisible         |       |       |       |     6 |     3 ||     9
       Sleeping          |       |       |       |       |     4 ||     4
  Eat: Chunk             |       |     1 |    28 |    35 |    15 ||    79
       Beef jerky        |       |       |       |     4 |       ||     4
       Fruit             |       |       |       |     4 |       ||     4
       Royal jelly       |       |       |       |     1 |     1 ||     2
       Bread ration      |       |       |       |       |     1 ||     1
Armor: Scale mail        |    64 |    81 |   251 |       |       ||   396
       Ring mail         |       |       |    87 |   231 |       ||   318
       Troll leather arm |       |       |       |    35 |   146 ||   181
Dodge: Dodged            |    39 |    68 |   349 |   316 |   203 ||   975
Block: Shield            |    51 |     9 |       |       |       ||    60
